 Dungeon Crawl Stone Soup version 0.30-a0-222-ge547ba4400 (webtiles) character file.

Game seed: 3039936851978511157

1752 Aibolit the Covered (level 9, -1/75 HPs)
             Began as a Hill Orc Fighter on Oct 8, 2022.
             Slain by a bullfrog (6 damage)
             ... on level 8 of the Dungeon.
             The game lasted 00:15:37 (6466 turns).

Aibolit the Covered (Hill Orc Fighter)              Turns: 6466, Time: 00:15:37

Health: -1/75      AC:  7    Str: 25    XL:     9   Next: 6%
Magic:  3/3        EV: 10    Int: 11    God:
Gold:   95         SH:  5    Dex: 10    Spells: 8/8 levels left

rFire   . . .      SeeInvis .    B - +2 falchion of the Skies Above {antimagic, rPois Str+2 Int+3}
rCold   . . .      Faith    .    c - +0 buckler
rNeg    . . .      Spirit   .    b - +0 scale mail
rPois   +          Reflect  .    (no helmet)
rElec   .          Harm     .    w - +2 cloak
rCorr   .          Rampage  .    F - +2 pair of gloves
Will    .....                    i - +0 pair of boots
Stlth   ..........               t - amulet of regeneration
HPRegen 1.12/turn                z - ring of flight
MPRegen 0.08/turn                (no ring)

@: corroded, flying
A: no striking features
a: no special abilities


You were on level 8 of the Dungeon.
You visited 2 branches of the dungeon, and saw 9 of its levels.

You collected 353 gold pieces.
You spent 258 gold pieces at shops.

Inventory:

Hand Weapons
 B - the +2 falchion of the Skies Above (weapon) {antimagic, rPois Str+2 Int+3}
   (You found it on level 5 of the Dungeon)

   It reduces the magical energy of the wielder, and disrupts the spells and
   magical abilities of those it strikes.
   Natural abilities and divine invocations are not affected.
   Str:       It affects your strength (+2).
   Int:       It affects your intelligence (+3).
   rPois:     It protects you from poison.
 G - a +6 dire flail
Armour
 b - a +0 scale mail (worn)
 c - a +0 buckler (worn)
 i - a +0 pair of boots (worn)
 w - a +2 cloak (worn)
 F - a +2 pair of gloves (worn)
Jewellery
 t - an amulet of regeneration (around neck)
 z - a ring of flight (left hand)
Wands
 h - a wand of flame (23)
 y - a wand of quicksilver (6)
 D - a wand of charming (11)
 E - a wand of polymorph (14)
Scrolls
 f - 3 scrolls of vulnerability
 j - 2 scrolls of magic mapping
 n - a scroll of immolation {unknown}
 o - 4 scrolls of enchant weapon
 r - a scroll of fear {unknown}
 u - 3 scrolls of teleportation
 v - a scroll of brand weapon
 A - a scroll of amnesia {unknown}
 H - 6 scrolls of identify
Potions
 a - 2 potions of cancellation
 d - a potion of might
 e - 4 potions of flight
 g - 4 potions of curing
 l - a potion of resistance {unknown}
 m - a potion of degeneration {unknown}
 p - 4 potions of magic
 q - 2 potions of berserk rage {unknown}
 s - a potion of attraction {unknown}
 x - a potion of mutation {unknown}
 C - a potion of lignification {unknown}


   Skills:
 + Level 6.0 Fighting
 + Level 5.0 Long Blades
 - Level 5.0(5.4) Axes
 - Level 2.4(3.6) Maces & Flails
 + Level 7.1 Armour
 + Level 2.6 Dodging
 * Level 6.4 Shields


You had 8 spell levels left.
You didn't know any spells.
Your spell library contained the following spells:

 Spells                   Type           Power      Damage    Failure   Level
 Summon Small Mammal      Summ           0%         N/A       69%         1
 Call Canine Familiar     Summ           0%         N/A       96%         3
 Kindle Blastsparks       Fire/Tloc/Air  0%         2d10      96%         3
 Summon Guardian Golem    Hex/Summ       0%         N/A       96%         3
 Fulminant Prism          Conj/Hex       0%         3d6       100%        4
 Iskenderun's Mystic Bla  Conj/Tloc      0%         2d3       100%        4
 Lee's Rapid Deconstruct  Erth           0%         3d5*      100%        5


Dungeon Overview and Level Annotations

Branches:
Dungeon (8/15)             Temple (1/1) D:6
   Lair: D:8-11

Altars:
Ashenzari
Cheibriados
Dithmenos
Elyvilon
Fedhas
Gozag
Hepliaklqana
Kikubaaqudgha
Makhleb
Nemelex Xobeh
Qazlal
Ru
Sif Muna
Trog
Uskayaw
Vehumet
Wu Jian
Xom
Yredelemnul
Zin
The Shining One

Shops:
D:7 [*?

Annotations:
D:5 Edmund
D:7 3 runed translucent doors, Iidacon's ghost, novice MfIE


Message History

The acid dragon bites you.
* * * LOW HITPOINT WARNING * * *
The acid dragon claws you but does no damage.
You are too injured to fight recklessly!
You hit the acid dragon but do no damage.
The acid dragon is moderately wounded.
The bullfrog hits you but does no damage.
You block the acid dragon's attack. The acid dragon claws you.
* * * LOW HITPOINT WARNING * * *
The bullfrog hits you but does no damage.
You hit the acid dragon but do no damage.
The acid dragon is moderately wounded.
The bullfrog hits you but does no damage.
The acid dragon barely misses you.
The acid dragon claws you but does no damage.
You are too injured to fight recklessly!
You hit the acid dragon but do no damage.
The acid dragon is moderately wounded.
The bullfrog closely misses you. The acid dragon closely misses you.
You block the acid dragon's attack. The bullfrog hits you!
* * * LOW HITPOINT WARNING * * *
You are too injured to fight recklessly!
You barely miss the acid dragon.
The acid dragon is moderately wounded.
The bullfrog hits you but does no damage.
The acid dragon barely misses you.
The acid dragon claws you but does no damage.
The bullfrog hits you.
* * * LOW HITPOINT WARNING * * *
You hit the acid dragon but do no damage.
The acid dragon is moderately wounded.
The acid dragon closely misses you. The acid dragon claws you.
* * * LOW HITPOINT WARNING * * *
The bullfrog hits you but does no damage.
The acid dragon misses you. The acid dragon barely misses you.
You are too injured to fight recklessly!
You barely miss the acid dragon.
The acid dragon is moderately wounded.
The bullfrog hits you.
You die...

..............# .#
######..#..........##.##
##.......#...............
#........#.#.............
......#..._..............
.........#.#.............
.##......................
................DF......#
................@##......
.................# ....!
._..####..####....# #...
....................# ..
......†............## .
....................#
.......<............#
....................#
.............#......


You could see an acid dragon and a bullfrog.

Vanquished Creatures
  Menkaure (D:6)
  An ice beast (D:5)
  An orc warrior (D:6)
  3 black bears
  A sky beast (D:7)
  A phantom (D:7)
  2 bullfrogs
  2 scorpions
  3 wights (D:7)
  2 howler monkeys
  2 jellies (D:5)
  An orc priest (D:6)
  A gnoll bouda (D:6)
  2 hounds
  3 iguanas
  An orc wizard (D:7)
  5 gnolls (D:6)
  9 adders
  2 white imps
  An ufetubus (D:5)
  2 worms
  2 dart slugs
  7 orcs
  3 endoplasms
  3 giant cockroaches
  10 hobgoblins
  3 jackals (D:5)
  5 kobolds
  A quokka (D:1)
  10 ball pythons
  2 bats
  A frilled lizard (D:1)
  5 goblins
  13 rats
111 creatures vanquished.

Vanquished Creatures (others)
  An orc wizard (D:7)
1 creature vanquished.

Grand Total: 112 creatures vanquished

Notes
Turn   | Place    | Note
-------+----------+-------------------------------------------
     0 | D:1      | Aibolit the Hill Orc Fighter began the quest for the Orb.
     0 | D:1      | Reached XP level 1. HP: 19/19 MP: 1/1
   148 | D:1      | Reached XP level 2. HP: 27/27 MP: 2/2
   318 | D:1      | Found a faded altar of an unknown god.
   927 | D:2      | Reached XP level 3. HP: 33/33 MP: 3/3
  1433 | D:2      | Reached XP level 4. HP: 34/41 MP: 4/4
  2737 | D:4      | Found a shadowy altar of Dithmenos.
  2781 | D:4      | Reached skill level 4 in Armour
  2781 | D:4      | Reached XP level 5. HP: 47/47 MP: 5/5
  2874 | D:4      | Reached skill level 5 in Axes
  3239 | D:4      | Noticed a black bear
  3254 | D:4      | Killed a black bear
  3255 | D:4      | Reached skill level 1 in Maces & Flails
  3255 | D:4      | Reached skill level 1 in Dodging
  3255 | D:4      | Reached XP level 6. HP: 43/53 MP: 6/6
  3377 | D:5      | Entered Level 5 of the Dungeon
  3388 | D:5      | Noticed a black bear
  3406 | D:5      | Killed a black bear
  3407 | D:5      | Reached skill level 5 in Armour
  3415 | D:5      | Noticed an ice beast
  3435 | D:5      | Killed an ice beast
  3436 | D:5      | Reached XP level 7. HP: 54/60 MP: 7/7
  3456 | D:5      | Identified the +2 falchion of the Skies Above {antimagic,
                  | rPois Str+2 Int+3}
  4099 | D:5      | Reached skill level 5 in Fighting
  4248 | D:6      | Noticed Edmund
  4248 | D:6      | Found a staircase to the Ecumenical Temple.
  4624 | D:5      | Reached skill level 1 in Long Blades
  4624 | D:5      | Reached skill level 5 in Shields
  4644 | Temple   | Entered the Ecumenical Temple
  4644 | Temple   | Found a transporter.
  4644 | Temple   | Found a transporter.
  4646 | Temple   | Found a transporter.
  4646 | Temple   | Found a transporter.
  4821 | D:6      | Reached XP level 8. HP: 67/68 MP: 2/8
  4994 | D:6      | Reached skill level 6 in Armour
  5265 | D:6      | Found a glowing golden altar of the Shining One.
  5352 | D:6      | Noticed Menkaure
  5365 | D:6      | Killed Menkaure
  5505 | D:7      | Found Neipux's Assorted Antiques.
  5645 | D:7      | HP: 3/62 [wight/+6 dire flail (10)]
  5801 | D:7      | Found Eruph's Magic Scroll Boutique.
  5807 | D:7      | Bought a scroll of identify for 24 gold pieces
  5807 | D:7      | Bought a scroll of identify for 24 gold pieces
  5807 | D:7      | Bought a scroll of teleportation for 36 gold pieces
  5807 | D:7      | Bought a scroll of identify for 24 gold pieces
  5807 | D:7      | Bought a scroll of enchant armour for 90 gold pieces
  5807 | D:7      | Bought a scroll of teleportation for 36 gold pieces
  5807 | D:7      | Bought a scroll of identify for 24 gold pieces
  6117 | D:7      | Found Buhaiv's Antique Armour Boutique.
  6125 | D:7      | Found Qenkot's Assorted Antiques.
  6172 | D:7      | Found a runed translucent gate.
  6172 | D:7      | Found a runed translucent gate.
  6172 | D:7      | Found a runed translucent gate.
  6175 | D:7      | Noticed a spectral unseen horror
  6178 | D:7      | Noticed Iidacon's ghost (novice MfIE)
  6213 | D:7      | Reached skill level 7 in Armour
  6266 | D:7      | Reached XP level 9. HP: 75/75 MP: 3/9
  6376 | D:8      | Found a shimmering blue altar of Sif Muna.
  6389 | D:8      | Reached skill level 5 in Long Blades
  6425 | D:8      | Found a hazy altar of Hepliaklqana.
  6465 | D:8      | HP: 3/75 [acid dragon (4)]
  6466 | D:8      | Slain by a bullfrog

Illustrated notes

Levels and vault maps discovered:
D:1:      dpeg_arrival_renting, layout_basic,
          hellmonk_ecumenical_altar_heavens_door
D:2:      layout_basic, kennysheep_generic_room_5
D:3:      layout_loops_cross, minmay_misc_feat_tower
D:4:      layout_loops_ring, old_standard_altar
D:5:      layout_loops_cross
D:6:      layout_cave_pools, nicolae_tso_carved_into_rock,
          minmay_temple_entry_proselytizer, chequers_serial_rivers_small_a,
          kennysheep_diamond, uniq_edmund, uniq_menkaure
D:7:      layout_basic, gammafunk_ghost_necromancy, serial_shops,
          kennysheep_little_box, nicolae_shop_trees, shop, shop
D:8:      layout_cave_pools, mainiacjoe_overflow_boulevard,
          lemuel_crystal_altar, david_lair_shrubbed, uniq_erica
Temple:   hellmonk_temple_divided_pantheon

Skill      XL: |  1  2  3  4  5  6  7  8  9 |
---------------+----------------------------+-----
Fighting       | 4 5 6 |  6.0
Axes           | 3 4 5 |  5.0
Armour         | 4 5 7 |  7.1
Maces & Flails | 1 2 |  2.4
Dodging        | 1 2 |  2.6
Shields        | 4 5 6 |  6.4
Long Blades    | 2 4 5 |  5.0

Action                   |  1- 3 |  4- 6 |  7- 9 || total
-------------------------+-------+-------+-------++-------
Melee: War axe           |   117 |    71 |       ||   188
       Mace              |       |    45 |       ||    45
       Falchion          |       |       |   369 ||   369
  Use: Scroll            |       |     6 |     9 ||    15
       Potion            |       |       |     2 ||     2
Armor: Scale mail        |    70 |    94 |   285 ||   449
Dodge: Dodged            |    51 |    67 |   233 ||   351
Block: Buckler           |    24 |    25 |   132 ||   181

Table legend: (Time is in decaauts)
 A = Elapsed time spent in this place.
 B = Non-inter-level travel time spent in this place.
 C = Inter-level travel time spent in this place.
 D = Time resting spent in this place.
 E = Time spent auto-exploring this place.
 F = Levels seen in this place.
 G = Mean time per level.
                   A        B        C        D        E       F      G
               +--------+--------+--------+--------+--------+-----+--------+
         Total |   6624 |   5602 |   1022 |    594 |   3752 |   9 |  736.0 |
       Dungeon |   6579 |   5581 |    998 |    594 |   3746 |   8 |  822.4 |
        Temple |     44 |     20 |     24 |      0 |      6 |   1 |   44.0 |
               +--------+--------+--------+--------+--------+-----+--------+

Top non-repeatable levels by time:
     D:5: 1256 daAuts
     D:2: 1120 daAuts
     D:6: 894 daAuts
     D:7: 890 daAuts
     D:1: 839 daAuts
     D:3: 786 daAuts
     D:4: 699 daAuts
     D:8: 92 daAuts
  Temple: 44 daAuts
